 Dungeon Crawl Stone Soup version 0.22-a0-618-gd6a3efe1fc (webtiles) character file.

509 Faustar the Changer (level 7, 0/66 HPs)
             Began as an Ogre Transmuter on July 13, 2018.
             Shot with an arrow by a centaur (1 damage)
             ... on level 7 of the Dungeon.
             The game lasted 00:10:19 (4803 turns).

Faustar the Changer (Ogre Transmuter)               Turns: 4803, Time: 00:10:19

Health: 0/66       AC:  2    Str: 15    XL:     7   Next: 19%
Magic:  10/13      EV: 19    Int: 15    God:
Gold:   155        SH:  0    Dex: 15    Spells: 5/15 levels left

rFire    . . .     SeeInvis .     - Unarmed
rCold    . . .     Gourm    .   (shield currently unavailable)
rNeg     . . .     Faith    .   (armour currently unavailable)
rPois    x         Spirit   .   (helmet currently unavailable)
rElec    .         Reflect  .   (cloak currently unavailable)
rCorr    .         Harm     .   (gloves unavailable)
MR       .....                  (boots unavailable)
Stlth    +.........             (no amulet)
HPRegen  0.21/turn              (no ring)
MPRegen  0.13/turn              (no ring)

@: spider-form, marked
A: tiny, unfitting armour
a: End Transformation


You were on level 7 of the Dungeon.
You were hungry.
You were a venomous arachnid creature.
You visited 1 branch of the dungeon, and saw 6 of its levels.

You collected 155 gold pieces.

Inventory:

Missiles
 a - 12 arrows
Armour
 b - a +1 robe (melded)
Jewellery
 o - an uncursed amulet of rage
Scrolls
 h - 2 scrolls of remove curse
 i - 5 scrolls of teleportation
 l - 3 scrolls of amnesia
Potions
 e - 2 potions of haste
 f - a potion of lignification {unknown}
 j - 2 potions of resistance
 k - a potion of flight
 m - a potion of berserk rage {unknown}
Comestibles
 d - 8 rations


   Skills:
 + Level 2.4 Fighting
 - Level 1.7 Dodging
 * Level 3.3 Unarmed Combat
 - Level 4.5 Spellcasting
 + Level 5.0 Transmutations
 - Level 2.0 Poison Magic


You had 5 spell levels left.
You knew the following spells:

 Your Spells              Type           Power        Failure   Level  Hunger
a - Beastly Appendage     Tmut           ###...       9%          1    None
b - Spider Form           Tmut/Pois      ##........   28%         3    ###....
c - Sticks to Snakes      Tmut           ###.....     11%         2    ##.....
d - Ice Form              Ice/Tmut       ##......     73%         4    ####...

Your spell library contained the following spells:

 Spells                   Type           Power        Failure   Level  Hunger
 Blade Hands              Tmut           ###.......   73%         5    ######.


Dungeon Overview and Level Annotations

Branches:
Dungeon (7/15)             Temple (0/1) D:6

Altars:
Sif Muna

Annotations:
D:4 Dowan, Duvessa, Purgy
D:6 Grinder


Innate Abilities, Weirdness & Mutations

You are too large for most types of armour.
((You have tough skin. (AC +1)))


Message History

The orc completely misses you.
You hit the orc.
The orc is poisoned.
The orc is severely wounded.
The bullfrog completely misses you. The bullfrog barely misses you.
The orc hits you with a trident.
* * * LOW HITPOINT WARNING * * *
You barely miss the bullfrog. The bullfrog barely misses you.
The orc barely misses you.
You bite the bullfrog!
The bullfrog is poisoned.
The bullfrog is heavily wounded.
You kill the orc!
The bullfrog barely misses you.
The centaur unwields an uncursed dagger.
The centaur wields a shortbow.
The centaur shoots an arrow.
The arrow hits you!
* * * LOW HITPOINT WARNING * * *
The bullfrog misses you.
You bite the bullfrog!
The bullfrog looks as sick as possible!
The bullfrog is severely wounded.
The centaur shoots an arrow.
The arrow hits you.
You die...

#.....##+
#........
#........
+........
##+#c.....o.
#....# #....#
#...)#
#...s#####
#####F...#
..............+
..............#
##.##.######..#
# #. .# .. # ..
...


You could see a bullfrog and a centaur.

Vanquished Creatures
  An ice beast (D:6)
  An ogre (D:3)
  An orc priest (D:3)
  A hound (D:3)
  4 orc wizards (D:3)
  A worker ant zombie (D:6)
  4 adders
  2 worms
  3 dart slugs
  3 leopard geckos (D:1)
  14 orcs
  9 bats
  2 giant cockroaches
  9 goblins
  8 hobgoblins
  4 jackals (D:2)
  8 kobolds
  A quokka (D:3)
  2 ball pythons
  7 frilled lizards
  6 rats
91 creatures vanquished.

Notes
Turn   | Place    | Note
-------+----------+-------------------------------------------
     0 | D:1      | Faustar the Ogre Transmuter began the quest for the Orb.
     0 | D:1      | Reached XP level 1. HP: 19/19 MP: 3/3
    62 | D:1      | Reached skill level 2 in Transmutations
   311 | D:1      | Reached XP level 2. HP: 20/27 MP: 3/5
  1168 | D:1      | Reached XP level 3. HP: 26/33 MP: 7/7
  1173 | D:1      | Learned a level 3 spell: Spider Form
  1978 | D:2      | Found a deep blue altar of Sif Muna.
  2059 | D:2      | Reached skill level 1 in Poison Magic
  2154 | D:2      | Reached XP level 4. HP: 34/41 MP: 5/9
  3111 | D:3      | Learned a level 2 spell: Sticks to Snakes
  3116 | D:3      | Learned a level 4 spell: Ice Form
  3183 | D:3      | Reached skill level 3 in Transmutations
  3190 | D:3      | Reached XP level 5. HP: 30/48 MP: 7/10
  3345 | D:3      | Noticed an ogre
  3356 | D:3      | Killed an ogre
  3366 | D:3      | Reached XP level 6. HP: 39/55 MP: 4/12
  3371 | D:3      | Reached skill level 4 in Transmutations
  4453 | D:4      | Noticed Purgy
  4453 | D:4      | Noticed Duvessa
  4453 | D:4      | Noticed Dowan
  4482 | D:3      | You fall through a shaft for 3 floors!
  4482 | D:6      | Noticed an ice beast
  4512 | D:6      | Killed an ice beast
  4512 | D:6      | Reached skill level 5 in Transmutations
  4512 | D:6      | Reached XP level 7. HP: 21/65 MP: 11/13
  4795 | D:6      | Noticed Grinder
  4802 | D:7      | HP: 1/66 [centaur/arrow (13)]
  4803 | D:7      | Shot with an arrow by a centaur

Vault maps used:
D:1:      ebering_hopf_link
D:2:      led_sif_pool
D:4:      marbit_many_paths, first_ration, uniq_robin, uniq_purgy, uniq_duvessa
D:6:      minmay_temple_entry_statues_fountains, serial_shops, shop,
          serial_bayou_pond_d, uniq_pikel, uniq_menkaure, uniq_grinder
D:7:      lightli_temple_of_fire

Skill      XL: |  1  2  3  4  5  6 |
---------------+-------------------+-----
Transmutations | 2 3 5 |  5.0
Spellcasting   | 3 4 |  4.5
Poison Magic   | 1 2 |  2.0
Fighting       | 2 |  2.4
Unarmed Combat | 3 |  3.3
Dodging        | |  1.7

Action                   |  1- 3 |  4- 6 |  7- 9 || total
-------------------------+-------+-------+-------++-------
Melee: Unarmed           |   173 |   181 |    12 ||   366
       Headbutt          |     3 |       |       ||     3
       Kick              |     2 |       |       ||     2
       Punch             |       |       |     1 ||     1
 Cast: Beastly Appendage |    10 |       |       ||    10
       Spider Form       |     6 |    19 |     2 ||    27
  Use: Scroll            |       |    12 |     1 ||    13
 Stab: Sleeping          |     1 |     1 |       ||     2
  Eat: Chunk             |     5 |    10 |       ||    15
Armor: Robe              |    40 |    20 |       ||    60
       Skin              |     3 |     9 |       ||    12
Dodge: Dodged            |   111 |   132 |    18 ||   261

Table legend:
 A = Spawn XP
 B = Non-spawn XP
 C = Spawn XP percentage of total XP
 D = Spawn monster count
 E = Non-spawn monster count
 F = Spawn count percentage of total count
 G = Total turns spent on level
                    A         B        C        D         E        F      G
               +---------+---------+-------+---------+---------+-------+---------
         Total |       0 |     728 |   0.0 |       0 |      91 |   0.0 |  4803
               +---------+---------+-------+---------+---------+-------+---------
           D:1 |       0 |      57 |   0.0 |       0 |      29 |   0.0 |  1826
           D:2 |       0 |      78 |   0.0 |       0 |      23 |   0.0 |   933
           D:3 |       0 |     426 |   0.0 |       0 |      35 |   0.0 |  1709
           D:4 |       0 |      14 |   0.0 |       0 |       1 |   0.0 |    14
           D:6 |       0 |     150 |   0.0 |       0 |       2 |   0.0 |   302
           D:7 |       0 |       3 |   0.0 |       0 |       1 |   0.0 |    19
               +---------+---------+-------+---------+---------+-------+---------
